 Dungeon Crawl Stone Soup version 0.28-a0-1087-gf3fc490d9d (webtiles) character file.

Game seed: 6703817605229068818

2658 tilp the Frost Mage (level 9, -6/37 HPs)
             Began as a Felid Ice Elementalist on Dec 10, 2021.
             Was a Priest of Ru.
             Mangled by a centaur warrior (11 damage)
             ... on level 9 of the Dungeon.
             The game lasted 00:31:27 (16293 turns).

tilp the Frost Mage (Felid Ice Elementalist)       Turns: 16293, Time: 00:31:28

Health: -6/37      AC: 10    Str:  4    XL:     9   Next: 36%
Magic:  10/19      EV: 19    Int: 21    God:    Ru [***...]
Gold:   1203       SH:  0    Dex: 17    Spells: 9/20 levels left
                                        Lives:  0   Deaths: 3

rFire   + . .      SeeInvis +     - Unarmed
rCold   . . .      Faith    .   (shield unavailable)
rNeg    . . .      Spirit   .   (armour unavailable)
rPois   .          Reflect  .   (helmet unavailable)
rElec   .          Harm     .   (cloak unavailable)
rCorr   .          Rampage  .   (gloves unavailable)
Will    +....                   (boots unavailable)
Stlth   ++++......              w - amulet of regeneration
HPRegen 0.92/turn               d - ring of flight
MPRegen 0.16/turn               i - ring of protection from fire

@: ice-armoured, flying, quick
A: very small, claws 1, fangs 3, see invisible, speed 1, shaggy fur 2, inability
to use devices, no hexes magic, no poison magic, no summoning magic, stealthy
paws, no weapons or thrown items, no armour, multi-lived
a: Renounce Religion, Draw Out Power


You were on level 9 of the Dungeon.
You worshipped Ru.
Ru was most pleased with you.
You visited 2 branches of the dungeon, and saw 10 of its levels.
You also visited: Ossuary and Bailey.

You collected 1203 gold pieces.

Inventory:

Jewellery
 d - a ring of flight (left paw)
 i - a ring of protection from fire (right paw)
 s - an amulet of the acrobat
 v - a ring of positive energy
 w - an amulet of regeneration (around neck)
Scrolls
 b - 2 scrolls of teleportation
 e - 2 scrolls of amnesia
 f - 5 scrolls of immolation
 k - a scroll of blinking
 l - a scroll of silence
 p - a scroll of magic mapping
 u - 2 scrolls of fog
 y - a scroll of holy word {unknown}
Potions
 a - 5 potions of curing
 c - a potion of lignification
 g - 3 potions of might
 h - 2 potions of ambrosia
 j - a potion of brilliance
 m - a potion of mutation {unknown}
 n - a potion of berserk rage {unknown}
 o - a potion of cancellation
 q - a potion of attraction {unknown}
 r - 6 potions of flight
 t - a potion of invisibility {unknown}
 x - a potion of magic {unknown}


   Skills:
 + Level 3.1 Fighting
 + Level 5.2 Dodging
 + Level 7.0 Stealth
 * Level 5.4 Unarmed Combat
 - Level 6.0 Spellcasting
 - Level 8.0 Conjurations
 - Level 8.0 Ice Magic


You had 9 spell levels left.
You knew the following spells:

 Your Spells              Type           Power      Damage    Failure   Level
a - Freeze                Ice            100%       1d11      1%          1
b - Frozen Ramparts       Ice            78%        1d9       1%          3
c - Ozocubu's Armour      Ice            39%        N/A       1%          3
d - Hailstorm             Conj/Ice       39%        3d9       3%          4

Your spell library contained the following spells:

 Spells                   Type           Power      Damage    Failure   Level
 Magic Dart               Conj           100%       1d8       1%          1
 Blink                    Tloc           12%        N/A       14%         2
 Passwall                 Tmut/Erth      5%         N/A       14%         2
 Lesser Beckoning         Tloc           6%         N/A       28%         3
 Swiftness                Air            6%         N/A       28%         3
 Manifold Assault         Tloc           6%         N/A       95%         5
 Mephitic Cloud           Conj/Pois/Air  Unusable   N/A       N/A         3
 Call Imp                 Summ           Unusable   N/A       N/A         2
 Call Canine Familiar     Summ           Unusable   N/A       N/A         3
 Portal Projectile        Hex/Tloc       Unusable   N/A       N/A         3
 Leda's Liquefaction      Hex/Erth       Unusable   N/A       N/A         4

Dungeon Overview and Level Annotations

Branches:
Dungeon (9/15)             Temple (1/1) D:4         Ossuary (visited)
 Bailey (visited)
   Lair: D:8-11         Orc: D:9-12

Altars:
Ashenzari
Cheibriados
Dithmenos
Elyvilon
Fedhas
Gozag
Hepliaklqana
Kikubaaqudgha
Makhleb
Nemelex Xobeh
Okawaru
Qazlal
Ru
Sif Muna
Trog
Uskayaw
Vehumet
Wu Jian
Xom
Yredelemnul
Zin
The Shining One

Shops:
D:1 [   D:3 (

Annotations:
D:1 dig/tele armour shop
D:5 4 runed translucent doors, exclusions: lemure and sky beast
D:6 Maggie
D:8 exclusions: electric eel and two-headed ogre
D:9 1 runed translucent door, exclusion: two-headed ogre, Harold; Turgor's ghost, novice DjFE


Innate Abilities, Weirdness & Mutations

You have sharp claws.
You have razor-sharp teeth.
You have supernaturally acute eyesight. (SInv)
You cover ground quickly. (Speed+)
You are covered in thick fur. (AC +2)
You cannot study or use magical devices.
You cannot study or cast Hexes magic.
You cannot study or cast Poison magic.
You cannot study or cast Summoning magic.
Your paws help you pounce on unaware monsters.
You are incapable of wielding weapons or throwing items.
You cannot wear armour.
You gain extra lives every three experience levels.


Message History

Casting: Freeze (safe; 1% risk of failure)
Confirm with . or Enter, or press ? or * to list all spells.
Aiming: Freeze (safe; 1% risk of failure)
Press: ? - help, Shift-Dir - straight line, f/p - centaur warrior
Aim: a centaur warrior, quivering arrows (moderately wounded, softly glowing)
You freeze the centaur warrior.
The centaur warrior is moderately wounded.
The centaur warrior hits you! The centaur warrior misses you.
Unknown command.
Casting: Freeze (safe; 1% risk of failure)
Confirm with . or Enter, or press ? or * to list all spells.
Aiming: Freeze (safe; 1% risk of failure)
Press: ? - help, Shift-Dir - straight line, f/p - centaur warrior
Aim: a centaur warrior, quivering arrows (moderately wounded, softly glowing)
You freeze the centaur warrior!
The centaur warrior is moderately wounded.
The centaur warrior hits you!
* * * LOW HITPOINT WARNING * * *
The centaur warrior kicks you but does no damage.
The centaur warrior misses you.
The centaur warrior kicks you but does no damage.
Casting: Freeze (safe; 1% risk of failure)
Confirm with . or Enter, or press ? or * to list all spells.
Aiming: Freeze (safe; 1% risk of failure)
Press: ? - help, Shift-Dir - straight line, f/p - centaur warrior
Aim: a centaur warrior, quivering arrows (moderately wounded, softly glowing)
You freeze the centaur warrior.
The centaur warrior is heavily wounded.
The centaur warrior hits you.
* * * LOW HITPOINT WARNING * * *
The centaur warrior kicks you but does no damage.
Casting: Freeze (safe; 1% risk of failure)
Confirm with . or Enter, or press ? or * to list all spells.
Aiming: Freeze (safe; 1% risk of failure)
Press: ? - help, Shift-Dir - straight line, f/p - centaur warrior
Aim: a centaur warrior, quivering arrows (heavily wounded, softly glowing)
You freeze the centaur warrior!
The centaur warrior is severely wounded.
The centaur warrior hits you!
You die...

#### ##... ###############....
#############..................
...............######..#####+##
.......(.....c.# #..# #WC§#
.......)......@# #..# #§§§#
.....)....####.# #### #
.......#### #.# ## ....... #.#
#. c...... #.# #. ....... #..
#. ##....! #... ####. #.###
#.... #.# #....


You could see a centaur warrior (corona).

Vanquished Creatures
  2 deep elf pyromancers (D:9)
  A wyvern (D:8)
  2 yaks (D:9)
  A swamp drake (D:9)
  2 water moccasins
  Duvessa (D:5)
  2 sky beasts
  8 orc warriors
  A black bear (D:7)
  2 necrophages
  2 centaurs (D:9)
  A phantom (D:5)
  A kobold brigand (D:8)
  Blork the orc (D:6)
  A gnoll sergeant (D:7)
  12 scorpions
  4 bullfrogs
  A wyvern zombie (D:5)
  A wyvern skeleton (D:7)
  2 water moccasin zombies
  Dowan (D:5)
  3 water moccasin skeletons
  A killer bee (D:5)
  A crimson imp (D:9)
  A centaur zombie (Ossuary)
  A human zombie (Ossuary)
  A jelly (D:5)
  2 hounds
  6 orc priests
  An iron imp (D:9)
  12 orc wizards
  2 iguanas
  8 scorpion zombies (Ossuary)
  3 mummies (Ossuary)
  A howler monkey zombie (D:9)
  7 gnolls
  4 adders
  2 shadow imps
  2 white imps
  2 ufetubi
  An adder skeleton (D:4)
  A worm (D:4)
  2 dart slugs (D:1)
  35 orcs
  6 ball pythons
  11 bats
  10 endoplasms
  6 giant cockroaches
  2 gnoll zombies (Ossuary)
  14 goblins
  7 hobgoblins
  3 jackals (D:2)
  2 quokkas (D:1)
  4 frilled lizards
  A goblin zombie (Ossuary)
  2 hobgoblin zombies (Ossuary)
  23 kobolds
  3 kobold zombies (Ossuary)
  3 orc zombies (Ossuary)
  6 rats
251 creatures vanquished.

Vanquished Creatures (others)
  A killer bee zombie (D:7)
  A white imp (D:8)
  15 plants
17 creatures vanquished.

Grand Total: 268 creatures vanquished

Notes
Turn   | Place    | Note
-------+----------+-------------------------------------------
     0 | D:1      | tilp the Felid Ice Elementalist began the quest for the
                  | Orb.
     0 | D:1      | Reached XP level 1. HP: 7/7 MP: 4/4
   150 | D:1      | Reached skill level 1 in Unarmed Combat
   312 | D:1      | Reached XP level 2. HP: 2/11 MP: 3/6
  1330 | D:1      | Found Qess's Armour Shop.
  1428 | D:1      | Found a faded altar of an unknown god.
  1547 | D:1      | Reached XP level 3. HP: 14/14 MP: 7/7
  1551 | D:1      | Learned a level 3 spell: Frozen Ramparts
  3038 | D:3      | Found Zajyob's Weapon Emporium.
  3105 | D:3      | Reached XP level 4. HP: 18/18 MP: 8/8
  3117 | D:3      | Learned a level 3 spell: Ozocubu's Armour
  3277 | D:3      | You are sucked into a shaft and drop 2 floors!
  3277 | D:5      | Entered Level 5 of the Dungeon
  3277 | D:5      | Noticed a necrophage
  3287 | D:5      | Found a large runed translucent door.
  3287 | D:5      | Noticed a centaur
  3316 | D:5      | Killed a necrophage
  3317 | D:5      | Reached skill level 5 in Ice Magic
  3317 | D:5      | Reached XP level 5. HP: 19/21 MP: 7/10
  3633 | D:5      | Noticed a phantom
  3706 | D:5      | Found a large runed translucent door.
  3708 | D:5      | Noticed a vampire
  3715 | D:5      | Killed a phantom
  3716 | D:5      | Gained mutation: You are covered in thick fur. (AC +2)
                  | [Felid growth]
  3716 | D:5      | Reached XP level 6. HP: 13/24 MP: 0/12
  3980 | D:5      | Found a large runed translucent door.
  3984 | D:5      | Found a large runed translucent door.
  4051 | D:5      | HP: 1/24 [water moccasin zombie (7)]
  4898 | D:5      | Noticed a sky beast
  4951 | D:5      | Noticed Duvessa
  4965 | D:5      | Noticed Dowan
  4968 | D:5      | Killed Duvessa
  5134 | D:5      | HP: 1/25 [wyvern zombie (2)]
  5137 | D:5      | Slain by a wyvern zombie
  5138 | D:5      | Reached XP level 5. HP: -2/21 MP: 12/12
  5270 | D:5      | Killed Dowan
  5271 | D:5      | Reached XP level 6. HP: 25/25 MP: 4/13
  5484 | D:5      | Reached skill level 1 in Fighting
  6303 | D:4      | Found a staircase to the Ecumenical Temple.
  6409 | D:4      | Reached XP level 7. HP: 29/29 MP: 10/14
  6416 | D:4      | Found a sand-covered staircase.
  6473 | Ossuary  | Entered an ossuary
  7177 | Ossuary  | Reached skill level 5 in Stealth
  7580 | Ossuary  | Learned a level 4 spell: Hailstorm
  7721 | Ossuary  | Slain by a mummy
  7722 | Ossuary  | Reached XP level 6. HP: 0/26 MP: 13/13
  7778 | Ossuary  | Reached skill level 1 in Conjurations
  8014 | Ossuary  | Reached XP level 7. HP: 30/30 MP: 14/14
  8970 | Ossuary  | Reached skill level 5 in Spellcasting
  8971 | Ossuary  | Reached XP level 8. HP: 33/33 MP: 9/16
  9249 | Temple   | Entered the Ecumenical Temple
  9711 | Temple   | Became a worshipper of Ru the Awakened
 11336 | D:6      | Gained mutation: You cannot study or use magical devices.
                  | [Ru sacrifice]
 11336 | D:6      | Reached * piety under Ru
 11336 | D:6      | Reached ** piety under Ru
 11388 | D:6      | Noticed Blork the orc
 11396 | D:6      | Killed Blork the orc
 11569 | D:6      | Noticed Maggie
 12140 | D:7      | Reached XP level 9. HP: 27/36 MP: 7/19
 12320 | D:7      | Found the +8 arc blade {discharge, rElec}
 12622 | D:7      | Reached skill level 5 in Conjurations
 13029 | D:8      | Noticed a two-headed ogre
 14137 | D:9      | Noticed a deep elf pyromancer
 14292 | D:9      | Found a blossoming altar of Fedhas.
 14331 | D:9      | Found a flagged portal.
 14352 | D:9      | Gained mutation: You cannot study or cast Poison magic. [Ru
                  | sacrifice]
 14352 | D:9      | Gained mutation: You cannot study or cast Hexes magic. [Ru
                  | sacrifice]
 14352 | D:9      | Gained mutation: You cannot study or cast Summoning magic.
                  | [Ru sacrifice]
 14352 | D:9      | Reached *** piety under Ru
 14354 | Bailey   | Entered a bailey
 14377 | Bailey   | Noticed an orc knight
 14439 | Bailey   | Noticed an orc knight
 15287 | D:9      | Noticed Harold
 15402 | D:9      | Killed a deep elf pyromancer
 15403 | D:9      | Reached XP level 10. HP: 40/40 MP: 11/20
 15602 | D:9      | Noticed a deep elf pyromancer
 15611 | D:9      | Killed a deep elf pyromancer
 15739 | D:9      | Noticed a two-headed ogre
 15811 | D:9      | Reached skill level 5 in Unarmed Combat
 16068 | D:9      | Reached skill level 5 in Dodging
 16143 | D:9      | Noticed a centaur warrior
 16143 | D:9      | Noticed a cyclops
 16143 | D:9      | Noticed a purple ugly thing
 16147 | D:9      | Noticed a yaktaur captain
 16151 | D:9      | Shot with a bolt by a yaktaur captain
 16151 | D:9      | Noticed a wizard
 16152 | D:9      | Reached XP level 9. HP: -31/37 MP: 16/19
 16199 | D:9      | Found a runed translucent door.
 16200 | D:9      | Noticed a cyclops
 16200 | D:9      | Noticed Turgor's ghost (novice DjFE)
 16293 | D:9      | Mangled by a centaur warrior

Illustrated notes

Levels and vault maps discovered:
D:1:      lightli_arrival_statue_moat, layout_basic, serial_shops,
          nicolae_shop_statue_plus, hellmonk_ecumenical_altar_inner_sanctum
D:2:      cheibrodos_old_hovel, layout_basic, minmay_fractal_squares_gapless_5
D:3:      layout_loops_cross, serial_shops, shop_statue, serial_bayou,
          serial_bayou_crossing, serial_bayou_shore_a, serial_bayou_pond_c,
          serial_bayou_lake_a, hangedman_decor_diamond_cutter
D:4:      layout_loops_ring, minmay_temple_entry_mist,
          lightli_ossuary_entry_decrepit_ruins
D:5:      layout_basic, st_stairs_5, minmay_hollow_rounded_squares, uniq_pikel,
          uniq_duvessa
D:6:      layout_gridville, uniq_blork_the_orc, uniq_maggie
D:7:      layout_loops_cross, lemuel_flamethrower_2
D:8:      statuecave_lemuel, layout_gridville
D:9:      nzn_winding_woodlands_cross [nzn_winding_woodlands_5x15_concentric,
          nzn_winding_woodlands_5x15_garden, nzn_winding_woodlands_5x15_twine,
          nzn_winding_woodlands_5x15_zeroes,
          nzn_winding_woodlands_15x15_thick_spiral], layout_irregular_city,
          lemuel_doored_altar, lair_entry_dummy, ebering_ghost_inner_flame,
          enter_bailey_3, hangedman_minor_magic, uniq_harold
Temple:   mainiacjoe_temple_trianglar_array

Skill      XL: |  1  2  3  4  5  6  7  8  9 10 |
---------------+-------------------------------+-----
Unarmed Combat | 1 2 3 4 5 |  5.4
Ice Magic      | 4 5 6 7 8 |  8.0
Spellcasting   | 3 4 5 6 |  6.0
Dodging        | 3 4 5 |  5.2
Stealth        | 4 6 7 |  7.0
Fighting       | 1 2 3 |  3.1
Conjurations   | 1 2 4 8 |  8.0

Action                   |  1- 3 |  4- 6 |  7- 9 | 10-12 || total
-------------------------+-------+-------+-------+-------++-------
Melee: Unarmed           |    23 |   169 |   382 |    26 ||   600
       Bite              |     3 |    21 |    50 |     3 ||    77
       Punch             |       |     2 |     7 |       ||     9
 Cast: Freeze            |    51 |    28 |    78 |    12 ||   169
       Frozen Ramparts   |     2 |    13 |    34 |     3 ||    52
       Ozocubu's Armour  |       |    20 |    46 |     7 ||    73
       Hailstorm         |       |       |    15 |     6 ||    21
Invok: Sacrifice Artific |       |       |     1 |       ||     1
       Sacrifice Arcana  |       |       |     1 |       ||     1
  Use: Scroll            |     7 |     4 |    12 |     1 ||    24
       Potion            |       |    10 |     2 |       ||    12
 Stab: Sleeping          |     7 |     4 |    18 |     1 ||    30
       Distracted        |       |       |       |     1 ||     1
       Invisible         |       |       |       |     1 ||     1
Armor: Skin              |     3 |    33 |    79 |     4 ||   119
Dodge: Dodged            |    60 |   152 |   294 |    23 ||   529

Table legend: (Time is in decaauts)
 A = Elapsed time spent in this place.
 B = Non-inter-level travel time spent in this place.
 C = Inter-level travel time spent in this place.
 D = Time resting spent in this place.
 E = Time spent auto-exploring this place.
 F = Levels seen in this place.
 G = Mean time per level.
                   A        B        C        D        E       F      G
               +--------+--------+--------+--------+--------+-----+--------+
         Total |  14745 |  14210 |    535 |   4779 |   6450 |  12 | 1228.8 |
       Dungeon |  10903 |  10434 |    469 |   2422 |   5911 |   9 | 1211.4 |
        Temple |    422 |    357 |     65 |      0 |    354 |   1 |  422.0 |
       Ossuary |   2648 |   2648 |      0 |   1918 |    184 |   1 | 2648.0 |
        Bailey |    771 |    771 |      0 |    437 |      0 |   1 |  771.0 |
               +--------+--------+--------+--------+--------+-----+--------+

Top non-repeatable levels by time:
     D:5: 2771 daAuts
 Ossuary: 2648 daAuts
     D:1: 1729 daAuts
     D:8: 1205 daAuts
     D:9: 1136 daAuts
     D:2: 923 daAuts
     D:4: 860 daAuts
     D:7: 853 daAuts
     D:3: 784 daAuts
  Bailey: 771 daAuts
     D:6: 639 daAuts
  Temple: 422 daAuts
